 Dungeon Crawl Stone Soup version 0.29.1-12-g30fa7ad0bf (webtiles) character file.

Game seed: 16152266640970655915

989 AarnesTheHuman the Conjurer (level 7, 0/37 HPs)
             Began as a Deep Elf Conjurer on Dec 21, 2022.
             Was a Follower of Hepliaklqana.
             Slain by Duvessa
             ... wielding a +0 short sword
              (14 damage)
             ... on level 6 of the Dungeon.
             The game lasted 00:17:35 (6838 turns).

AarnesTheHuman the Conjurer (Deep Elf Conjurer)     Turns: 6838, Time: 00:17:35

Health: 0/37       AC:  4    Str:  4    XL:     7   Next: 98%
Magic:  10/18      EV: 12    Int: 25    God:    Hepliaklqana [*.....]
Gold:   301        SH:  0    Dex: 13    Spells: 11/18 levels left

rFire   . . .      SeeInvis .   d - +1 dagger (chaos)
rCold   . . .      Faith    +   (no shield)
rNeg    . . .      Spirit   .   z - +1 robe
rPois   .          Reflect  .   (no helmet)
rElec   .          Harm     .   (no cloak)
rCorr   .          Rampage  .   C - +0 pair of gloves
Will    .....                   (no boots)
Stlth   ++........              l - amulet of faith
HPRegen 0.12/turn               (no ring)
MPRegen 0.16/turn               (no ring)

@: about to teleport
A: reduced essence
a: Renounce Religion, Recall Ancestor, Ancestor Identity


You were on level 6 of the Dungeon.
You worshipped Hepliaklqana.
Hepliaklqana was aware of your devotion.
You visited 1 branch of the dungeon, and saw 6 of its levels.

You collected 301 gold pieces.

Inventory:

Hand Weapons
 a - a +1 dagger of draining
 d - a +1 dagger of chaos (weapon)
Missiles
 n - 49 stones
 t - 12 poisoned darts
Armour
 z - a +1 robe (worn)
 C - a +0 pair of gloves (worn)
 G - a +0 leather armour
Jewellery
 l - an amulet of faith (around neck)
 A - a ring of ice
Wands
 x - a wand of charming (11)
 E - a wand of flame (9)
Scrolls
 f - a scroll of vulnerability
 h - a scroll of enchant weapon
 i - a scroll of enchant armour
 r - 6 scrolls of identify {unknown}
 u - a scroll of magic mapping {unknown}
 w - a scroll of torment {unknown}
 y - a scroll of immolation {unknown}
 B - a scroll of fear
 F - a scroll of noise
Potions
 b - a potion of magic
 c - a potion of brilliance {unknown}
 e - 2 potions of heal wounds {unknown}
 g - 3 potions of ambrosia {unknown}
 j - a potion of degeneration {unknown}
 k - 4 potions of flight {unknown}
 m - 3 potions of attraction {unknown}
 p - 5 potions of curing
 s - 3 potions of mutation {unknown}
 v - 2 potions of lignification {unknown}
 D - a potion of invisibility {unknown}


   Skills:
 + Level 3.9 Fighting
 - Level 3.0 Dodging
 - Level 4.0 Stealth
 - Level 6.0 Spellcasting
 - Level 6.0 Conjurations
 - Level 6.0 Hexes


You had 11 spell levels left.
You knew the following spells:

 Your Spells              Type           Power      Damage    Failure   Level
a - Magic Dart            Conj           100%       1d8       1%          1
b - Searing Ray           Conj           74%        2d7       1%          2
c - Fulminant Prism       Conj/Hex       18%        3d11      6%          4

Your spell library contained the following spells:

 Spells                   Type           Power      Damage    Failure   Level
 Dazzling Flash           Conj/Hex       74%        N/A       1%          3
 Foxfire                  Conj/Fire      88%        2x1d8     2%          1
 Conjure Flame            Conj/Fire      22%        6-21      6%          3
 Inner Flame              Hex/Fire       22%        N/A       6%          3
 Ozocubu's Armour         Ice            7%         N/A       22%         3
 Flame Wave               Conj/Fire      22%        2d8       22%         4
 Iskenderun's Mystic Bla  Conj/Tloc      22%        2d6       22%         4
 Leda's Liquefaction      Hex/Erth       11%        N/A       22%         4
 Lee's Rapid Deconstruct  Erth           3%         3d6*      90%         5
 Statue Form              Tmut/Erth      4%         N/A       100%        6
 Ozocubu's Refrigeration  Ice            3%         4d8       100%        7


Dungeon Overview and Level Annotations

Branches:
Dungeon (6/15)             Temple (0/1) D:4

Altars:
Hepliaklqana
Kikubaaqudgha
Nemelex Xobeh
Ru

Shops:
D:6 :

Annotations:
D:5 exclusion: downstairs
D:6 Duvessa, Sigmund


Message History

Unknown command.
Casting: Searing Ray (safe; 1% risk of failure)
Confirm with . or Enter, or press ? or * to list all spells.
Aiming: Searing Ray (safe; 1% risk of failure)
Press: ? - help, Shift-Dir - straight line, f - Duvessa
Aim: Duvessa, wielding a +0 short sword and wearing a +0 ring mail (berserk, ally target, 86% to hit)
Xiuhtonal avoids your attack.
The searing ray hits Duvessa.
Duvessa is lightly wounded. (Press . to maintain the ray.) Duvessa hits Xiuhtonal with a +0 short sword.
Xiuhtonal hits Duvessa but does no damage.
Xiuhtonal avoids your attack.
The searing ray hits Duvessa.
Duvessa is lightly wounded.
Duvessa closely misses Xiuhtonal.
Duvessa barely misses Xiuhtonal.
Xiuhtonal barely misses Duvessa.
Xiuhtonal avoids your attack.
The searing ray hits Duvessa!
Duvessa is moderately wounded.
Duvessa hits Xiuhtonal with a +0 short sword!
Xiuhtonal is destroyed!
Unknown command.
As you read the scroll labelled EZIONI OMMOSUTS, it crumbles to dust.
It is a scroll of brand weapon.
Your +1 dagger erupts in a glittering mayhem of colour.
d - a +1 dagger of chaos (weapon)
Duvessa barely misses you.
As you read the scroll labelled OLESAMOI GEGO, it crumbles to dust.
You feel strangely unstable.
It was a scroll of teleportation.
Duvessa closely misses you.
Duvessa rages.
Duvessa hits you with a +0 short sword!
* * * LOW HITPOINT WARNING * * *
Okay, then.
Unknown command.
It was a potion of curing.
You feel better. Duvessa hits you with a +0 short sword.
* * * LOW HITPOINT WARNING * * *
Okay, then.
Unknown command.
You feel better. Duvessa hits you with a +0 short sword!
You die...

###########
#.........#
..#.#)<.......#
........e@.....#
##.###.....)...#
###...#####
###.# .. #.# ..
#.#


You could see Duvessa (berserk).

Vanquished Creatures
  Eustachio (D:5)
  A bullfrog (D:5)
  A necrophage (D:4)
  A scorpion (D:4)
  Dowan (D:6)
  5 orc priests
  A gnoll bouda (D:5)
  An iguana (D:6)
  2 gnolls (D:5)
  6 adders
  A worm (D:2)
  2 dart slugs
  9 orcs
  10 ball pythons
  12 endoplasms
  7 giant cockroaches
  2 goblins
  10 hobgoblins
  9 jackals
  3 quokkas
  13 bats
  A frilled lizard (D:1)
  8 kobolds
  5 rats
112 creatures vanquished.

Vanquished Creatures (collateral kills)
  An ogre (D:5)
  A killer bee (D:6)
  2 hounds
  2 gnolls (D:5)
  An ufetubus (D:5)
7 creatures vanquished.

Vanquished Creatures (others)
  A human (D:5)
  2 ancestors (D:6)
  2 plants (D:4)
5 creatures vanquished.

Grand Total: 124 creatures vanquished

Notes
Turn   | Place    | Note
-------+----------+-------------------------------------------
     0 | D:1      | AarnesTheHuman the Deep Elf Conjurer began the quest for
                  | the Orb.
     0 | D:1      | Reached XP level 1. HP: 10/10 MP: 6/6
   347 | D:1      | Reached XP level 2. HP: 15/15 MP: 4/8
   388 | D:1      | Learned a level 2 spell: Searing Ray
   618 | D:1      | Reached skill level 5 in Conjurations
   618 | D:1      | Reached XP level 3. HP: 17/19 MP: 0/10
  1828 | D:2      | Reached XP level 4. HP: 24/24 MP: 10/12
  1864 | D:2      | Learned a level 4 spell: Fulminant Prism
  1982 | D:2      | Reached skill level 5 in Spellcasting
  1982 | D:2      | Reached skill level 1 in Hexes
  2056 | D:2      | Reached XP level 5. HP: 7/28 MP: 4/14
  2818 | D:3      | Reached skill level 1 in Fighting
  3612 | D:4      | Found a hazy altar of Hepliaklqana.
  3624 | D:4      | Became a worshipper of Hepliaklqana the Forgotten
  3942 | D:4      | Reached XP level 6. HP: 35/35 MP: 8/15
  3998 | D:4      | Found a staircase to the Ecumenical Temple.
  4520 | D:4      | Found a sacrificial altar of Ru.
  4590 | D:5      | Entered Level 5 of the Dungeon
  4618 | D:5      | Found a sparkling altar of Nemelex Xobeh.
  4841 | D:5      | Reached * piety under Hepliaklqana
  5191 | D:5      | Found an ancient bone altar of Kikubaaqudgha.
  5192 | D:5      | Noticed a human
  5195 | D:5      | Killed a human
  5251 | D:5      | Reached XP level 7. HP: 18/36 MP: 11/17
  5528 | D:6      | Noticed Sigmund
  5542 | D:6      | Noticed Duvessa
  5543 | D:6      | Noticed Eustachio
  5933 | D:5      | Reached skill level 5 in Hexes
  5993 | D:5      | Found a sparkling altar of Nemelex Xobeh.
  6246 | D:5      | Killed Eustachio
  6536 | D:6      | Noticed Dowan
  6689 | D:6      | Found Uhato's Book Emporium.
  6829 | D:6      | Killed Dowan
  6836 | D:6      | HP: 1/37 [Duvessa/+0 short sword (11)]
  6838 | D:6      | Slain by Duvessa

Illustrated notes

Levels and vault maps discovered:
D:1:      nzn_arrival_crosshair, layout_basic, chequers_serial_rivers_micro_a,
          minmay_worlds_worst_comb
D:2:      cheibrodos_pilgrimage, layout_rooms, minmay_goblin_kobold_house
D:3:      mumra_celtic_spiral_tile, layout_rooms, minmay_misc_feat_doors,
          chequers_mini_garden, hex_large
D:4:      layout_cave_pools, nicolae_hepliaklqana_hazy_memory,
          nicolae_ru_the_path_less_chosen, minmay_temple_entry_purple_smoke
D:5:      layout_loops_ring, nemelex_xobeh_ov_fountains_minmay,
          tgw_kikubaaqudgha, kennysheep_generic_room_8
D:6:      gammafunk_cloud_chamber, layout_rooms, serial_shops,
          nicolae_shop_hallway_plus, nrook_uturn, nicolae_underground_beach,
          uniq_eustachio, uniq_sigmund, uniq_duvessa

Skill      XL: |  1  2  3  4  5  6  7 |
---------------+----------------------+-----
Spellcasting   | 4 5 6 |  6.0
Conjurations   | 5 6 |  6.0
Hexes          | 2 4 6 |  6.0
Fighting       | 2 3 |  3.9
Dodging        | 3 |  3.0
Stealth        | 4 |  4.0

Action                   |  1- 3 |  4- 6 |  7- 9 || total
-------------------------+-------+-------+-------++-------
 Cast: Magic Dart        |    68 |   101 |    12 ||   181
       Searing Ray       |     8 |    14 |    12 ||    34
Invok: Recall Ancestor   |       |       |     2 ||     2
  Use: Scroll            |     2 |     1 |     4 ||     7
       Potion            |       |       |     2 ||     2
Armor: Robe              |     3 |     4 |     1 ||     8
Dodge: Dodged            |     7 |    15 |     6 ||    28
